 Dungeon Crawl Stone Soup version 0.17-a0-744-gaa96792 (webtiles) character file.

130 Baka the Skirmisher (level 5, -3/33 HPs)
             Began as a Gargoyle Fighter on Apr 21, 2015.
             Slain by an ogre
             ... wielding a +0 giant club
              (8 damage)
             ... on level 3 of the Dungeon.
             The game lasted 00:03:24 (2086 turns).

Baka the Skirmisher (Gargoyle Fighter)              Turns: 2086, Time: 00:03:25

Health: -3/33      AC: 14    Str: 20    XL:     5   Next: 13%
Magic:  5/5        EV:  5    Int:  8    God:
Gold:   69         SH:  9    Dex: 10    Spells: 0 memorised, 4 levels left

rFire  . . .     SeeInvis .     a - +0 flail
rCold  . . .     Clarity  .     g - +0 chain mail
rNeg   + . .     SustAb   .     c - +0 shield
rPois  ∞         Gourm    .     j - +0 helmet
rElec  +         Spirit   .     (no cloak)
rCorr  .         Warding  .     (no gloves)
rMut   .         Stasis   .     (no boots)
MR     .....                    (no amulet)
Stlth  ..........               (no ring)
                                (no ring)

@: not resistant to hostile enchantments, extremely unstealthy
A: negative energy resistance 1, electricity resistance, unbreathing,
petrification resistance, rot immunity, AC +4
a: no special abilities


You were on level 3 of the Dungeon.
You were not hungry.

You visited 1 branch of the dungeon, and saw 3 of its levels.

You collected 69 gold pieces.

Inventory:

Hand weapons
 a - a +0 flail (weapon)
Armour
 c - a +0 shield (worn)
 g - a +0 chain mail (worn)
 j - a +0 helmet (worn)
Scrolls
 f - 5 scrolls of identify {unknown}
 i - a scroll of amnesia {unknown}
Potions
 b - 2 potions of ambrosia {unknown}
 d - 2 potions of might
 h - a potion of brilliance {unknown}
 k - a potion of curing {unknown}
Comestibles
 e - 3 bread rations


   Skills:
 + Level 4.1 Fighting
 * Level 3.5 Maces & Flails
 + Level 3.9 Armour
 + Level 4.1 Shields


You had 4 spell levels left.
You didn't know any spells.

Dungeon Overview and Level Annotations

Branches:
Dungeon (3/15)

Altars:
Fedhas
Trog


Innate Abilities, Weirdness & Mutations

You are resistant to torment.
Your stone body is resilient (AC +4).
You are immune to poison.
You resist negative energy.
You are resistant to electric shocks.
You can survive without breathing.
You are immune to petrification.
You are immune to rotting.


Message History

You are too injured to fight recklessly!
You are too injured to fight recklessly!
You are too injured to fight recklessly!
You are too injured to fight recklessly!
You are too injured to fight recklessly!
You are too injured to fight recklessly!
You are too injured to fight recklessly!
Your chain mail prevents you from hitting the ogre.
The ogre is severely wounded.
Your chain mail prevents you from hitting the ogre.
The ogre is severely wounded.
The ogre hits you with a giant club.
* * * LOW HITPOINT WARNING * * *
You hit the ogre.
The ogre is almost dead.
The ogre barely misses you.
Your shield and chain mail prevent you from hitting the ogre.
The ogre is almost dead.
The ogre hits you with a giant club!
You die...

..## #+# #..# #.# #..#
#.# #..# ._. +..# ###
#..# . ### #..######
.....#######...(...####
.......O@....####.....###
...>.....##### #..##....
..#####.. ##.###### ####
#.# #.. .##. . . . # #.


You could see an ogre.

Vanquished Creatures
  A hound skeleton (D:3)
  Robin (D:2)
  4 adders
  3 worms (D:2)
  4 giant geckos
  2 ball pythons
  4 giant cockroaches
  4 hobgoblins
  6 bats
  2 giant newts (D:2)
  15 goblins
  6 kobolds
  7 rats
59 creatures vanquished.

Notes
Turn   | Place    | Note
--------------------------------------------------------------
     0 | D:1      | Baka, the Gargoyle Fighter, began the quest for the Orb.
     0 | D:1      | Reached XP level 1. HP: 14/14 MP: 1/1
   212 | D:1      | Reached XP level 2. HP: 19/19 MP: 2/2
   775 | D:2      | Reached XP level 3. HP: 23/23 MP: 3/3
  1014 | D:2      | Found a blossoming altar of Fedhas.
  1388 | D:2      | Reached XP level 4. HP: 29/29 MP: 4/4
  1456 | D:2      | Noticed Robin
  1498 | D:2      | Killed Robin
  1511 | D:2      | Reached skill level 4 in Fighting
  2019 | D:3      | Reached XP level 5. HP: 29/33 MP: 5/5
  2076 | D:3      | Noticed an ogre
  2078 | D:3      | Found a bloodstained altar of Trog.
  2086 | D:3      | Slain by an ogre

Action                   |  1- 3 |  4- 6 || total
-------------------------+-------+-------++-------
Melee: Flail             |   144 |   110 ||   254
  Use: Scroll            |     2 |       ||     2
  Eat: Meat ration       |     1 |       ||     1
